 Dungeon Crawl Stone Soup version 0.27-a0-1513-g2aaa0cc67b (webtiles) character file.

Game seed: 1201167149579834619

1423 Demosthentine the Spear-Bearer (level 8, 0/96 HPs)
             Began as a Merfolk Gladiator on July 9, 2021.
             Succumbed to a scorpion's poison
             ... on level 6 of the Dungeon.
             The game lasted 00:05:08 (5682 turns).

Demosthentine the Spear-Bearer (Merfolk Gladiator)  Turns: 5682, Time: 00:05:09

Health: 0/96       AC: 24    Str: 16    XL:     8   Next: 72%
Magic:  8/8        EV:  2    Int:  7    God:
Gold:   198        SH:  0    Dex: 16    Spells: 7/7 levels left

rFire    . . .     SeeInvis .   e - +1 trident (freeze)
rCold    . . .     Faith    .   (no shield)
rNeg     + + +     Spirit   .   (armour currently unavailable)
rPois    +         Reflect  .   (helmet currently unavailable)
rElec    .         Harm     .   (cloak currently unavailable)
rCorr    .         Rampage  .   (gloves currently unavailable)
Will     .....     NoTele   +   (boots currently unavailable)
Stlth    +.........             (no amulet)
HPRegen  0.26/turn              (no ring)
MPRegen  0.11/turn              (no ring)

@: lethally poisoned (0 -> -4), tree-form, hasted, very quick
A: stationary, stasis, torment immunity, boosted hp, (nimble swimmer 2),
(mertail)
a: no special abilities


You were on level 6 of the Dungeon.
You were a tree.
You visited 1 branch of the dungeon, and saw 6 of its levels.

You collected 198 gold pieces.

Inventory:

Hand Weapons
 e - a +1 trident of freezing (weapon)
Missiles
 d - 2 throwing nets (quivered)
Armour
 b - a +0 leather armour (melded)
 c - a +0 helmet (melded)
 n - a +1 pair of gloves (melded)
 o - a scarf of resistance (melded)
Wands
 g - a wand of flame (36)
Scrolls
 a - a scroll of fog
 h - a scroll of blinking
 k - 2 scrolls of identify
Potions
 f - a potion of brilliance


   Skills:
 + Level 6.0 Fighting
 + Level 8.7 Polearms
 - Level 2.0 Throwing
 + Level 3.7 Armour
 + Level 7.9 Dodging


You had 7 spell levels left.
You didn't know any spells.
Your spell library contained the following spells:

 Spells                   Type           Power      Damage    Failure   Level
 Animate Skeleton         Necr           0%         N/A       43%         1
 Apportation              Tloc           0%         N/A       43%         1
 Corona                   Hex            0%         N/A       43%         1
 Summon Small Mammal      Summ           0%         N/A       43%         1
 Blink                    Tloc           N/A        N/A       56%         2
 Sublimation of Blood     Necr           0%         N/A       56%         2
 Wereblood                Tmut           0%         N/A       56%         2
 Conjure Flame            Conj/Fire      0%         6-21      80%         3
 Ignite Poison            Fire/Tmut/Pois 0%         N/A       80%         3
 Lesser Beckoning         Tloc           0%         N/A       80%         3
 Sticky Flame             Conj/Fire      0%         2d3       99%         4
 Manifold Assault         Tloc           0%         N/A       100%        5
 Summon Hydra             Summ           0%         N/A       100%        7


Dungeon Overview and Level Annotations

Branches:
Dungeon (6/15)
 Temple: D:4-7

Altars:
Dithmenos
Fedhas
Qazlal

Shops:
D:3 =


Innate Abilities, Weirdness & Mutations

You are a tree.
Your roots penetrate the ground, keeping you stationary.
You cannot be teleported.
You are immune to unholy pain and torment.
Your maximum health is greatly increased.
Your equipment is partially melded.
((You are quick and stealthy near water. (Stealth+, EV+, Speed+++)))
((Your lower body shifts to a powerful aquatic tail in water.))


Message History

Aim: a scorpion (moderately wounded, 64% to hit)
You throw a throwing net. The throwing net hits the scorpion.
The scorpion is caught in the net!
The scorpion is moderately wounded.
* * * LOW HITPOINT WARNING * * *
You feel very sick.
The scorpion struggles against the net.
It was a potion of cancellation.
Your magical effects are unravelling.
You feel magically purged.
Your magical contamination has completely faded away.
You flicker back into view.
* * * LOW HITPOINT WARNING * * *
You feel very sick.
The scorpion struggles against the net.
It was a potion of lignification.
You turn into a tree.
Your scarf of resistance melds into your body.
Your +0 helmet melds into your body.
Your +1 pair of gloves melds into your body.
Your +0 leather armour melds into your body.
You feel hot and cold all over.
Your roots penetrate the ground.
* * * LOW HITPOINT WARNING * * *
You feel very sick.
The scorpion struggles against the net.
It was a potion of haste.
You feel yourself speed up.
* * * LOW HITPOINT WARNING * * *
You feel sick.
The scorpion struggles against the net.
The net rips apart, and the scorpion comes free!
It was a potion of flight.
Your roots keep you in place.
* * * LOW HITPOINT WARNING * * *
You feel sick.
The scorpion stings you but does no damage.
Unknown command.
You barely miss the scorpion.
The scorpion is moderately wounded.
* * * LOW HITPOINT WARNING * * *
You feel sick.
You completely miss the scorpion.
The scorpion is moderately wounded.
You die...

.##...#.....#....#......#......#
.#....#.....#....#......#......#
.#....'.....'....#......#......#
.##...#.....#....#......'.####.#
.##...#.....##'###.....#### ###
###...#.............####
..#...#..........#### #..
..#...#.......####.#...#
..#####.........♣s...#
..............####.#...#
................ ## #..
.............)...
...........(.....
................
..#+############# ..# ..#


You could see a scorpion.

Vanquished Creatures
  Eustachio (D:4)
  A water moccasin (D:6)
  A sky beast (D:5)
  An ogre (D:6)
  2 black bears (D:5)
  A centaur (D:6)
  A phantom (D:5)
  2 bullfrogs
  A scorpion (D:6)
  A centaur zombie (D:5)
  A jelly (D:5)
  A centaur skeleton (D:6)
  2 hounds (D:6)
  A bullfrog skeleton (D:6)
  An iguana (D:4)
  A hound zombie (D:5)
  A hound skeleton (D:2)
  8 adders
  4 gnolls (D:5)
  A shadow imp (D:6)
  2 white imps (D:6)
  An ufetubus (D:5)
  An adder zombie (D:5)
  An adder skeleton (D:4)
  4 worms
  4 dart slugs
  5 orcs
  5 bats
  4 endoplasms
  3 giant cockroaches
  10 hobgoblins
  2 quokkas
  14 ball pythons
  A frilled lizard (D:4)
  9 goblins
  5 kobolds
  4 rats
108 creatures vanquished.

Vanquished Creatures (others)
  2 fungi (D:2)
2 creatures vanquished.

Grand Total: 110 creatures vanquished

Notes
Turn   | Place    | Note
-------+----------+-------------------------------------------
     0 | D:1      | Demosthentine the Merfolk Gladiator began the quest for the
                  | Orb.
     0 | D:1      | Reached XP level 1. HP: 16/16 MP: 1/1
   187 | D:1      | Reached XP level 2. HP: 20/23 MP: 2/2
   823 | D:2      | Reached XP level 3. HP: 14/28 MP: 3/3
   831 | D:2      | Reached skill level 5 in Polearms
  1031 | D:2      | Reached skill level 1 in Armour
  1068 | D:2      | Found a stormy altar of Qazlal.
  1076 | D:2      | Reached XP level 4. HP: 35/35 MP: 4/4
  1217 | D:2      | Found a faded altar of an unknown god.
  1845 | D:3      | Found Yroi's Jewellery Boutique.
  1910 | D:3      | Reached skill level 5 in Dodging
  1991 | D:3      | Found a blossoming altar of Fedhas.
  1999 | D:3      | Reached XP level 5. HP: 41/41 MP: 5/5
  2681 | D:4      | Noticed Eustachio
  2690 | D:4      | Killed Eustachio
  2691 | D:4      | Reached skill level 6 in Polearms
  2691 | D:4      | Reached XP level 6. HP: 44/48 MP: 6/6
  3195 | D:4      | Found a shadowy altar of Dithmenos.
  3491 | D:5      | Entered Level 5 of the Dungeon
  3641 | D:5      | Reached XP level 7. HP: 36/55 MP: 7/7
  4016 | D:5      | Reached skill level 7 in Polearms
  4284 | D:5      | Reached skill level 5 in Fighting
  4493 | D:5      | Reached XP level 8. HP: 49/62 MP: 8/8
  4834 | D:6      | Reached skill level 8 in Polearms
  5679 | D:6      | HP: 3/96 [poisoned by a scorpion]
  5681 | D:6      | HP: 1/96 [poisoned by a scorpion]
  5682 | D:6      | Succumbed to a scorpion's poison

Illustrated notes

Levels and vault maps discovered:
D:1:      erik_arrival_blinker_ship, layout_basic, minmay_tetromino_l4
D:2:      layout_basic, shapermc_ecumenical_altar_starsandcircs, basic_altar,
          st_stairs_14, minmay_shallow_snake_nest
D:3:      layout_loops_ring, overflow_temple_1_default, serial_shops, shop
D:4:      layout_loops_ring, mainiacjoe_overflow_chevrons, uniq_eustachio
D:5:      layout_basic, grunt_ministairs_9, kennysheep_generic_room_13
D:6:      minmay_spotlight, layout_gridville

Skill      XL: |  1  2  3  4  5  6  7  8 |
---------------+-------------------------+-----
Polearms       | 5 6 7 8 |  8.7
Armour         | 1 2 3 |  3.7
Fighting       | 3 4 5 6 |  6.0
Dodging        | 5 6 7 |  7.9
Throwing       | |  2.0

Action                   |  1- 3 |  4- 6 |  7- 9 || total
-------------------------+-------+-------+-------++-------
Melee: Trident           |    90 |   198 |   157 ||   445
Throw: Throwing net      |       |       |     2 ||     2
  Use: Scroll            |     3 |     6 |     2 ||    11
       Potion            |     1 |     1 |     5 ||     7
 Stab: Sleeping          |     1 |     9 |     1 ||    11
Armor: Leather armour    |    26 |    23 |    44 ||    93
       Skin              |       |       |     1 ||     1
Dodge: Dodged            |    52 |    82 |    87 ||   221

Table legend: (Time is in decaauts)
 A = Elapsed time spent in this place.
 B = Non-inter-level travel time spent in this place.
 C = Inter-level travel time spent in this place.
 D = Time resting spent in this place.
 E = Time spent auto-exploring this place.
 F = Levels seen in this place.
 G = Mean time per level.
                   A        B        C        D        E       F      G
               +--------+--------+--------+--------+--------+-----+--------+
         Total |   5674 |   5480 |    194 |      0 |   4663 |   6 |  945.7 |
       Dungeon |   5674 |   5480 |    194 |      0 |   4663 |   6 |  945.7 |
               +--------+--------+--------+--------+--------+-----+--------+

Top non-repeatable levels by time:
     D:5: 1238 daAuts
     D:2: 1081 daAuts
     D:6: 937 daAuts
     D:3: 836 daAuts
     D:4: 809 daAuts
     D:1: 771 daAuts
